[ AOE2 MATCH · #507156920 ]
UnrankedShu vs Japanese
Player's team · LOSS
Rival team · WIN
[ REPLAY ANALYSIS · EXTRACTED FROM THE RECORDED GAME ]
Feudal
8:51
Castle
22:53
Imperial
37:37
| APM avg | 74.2 |
| APM peak | 123 |
| eAPM avg | 35.9 |
| Villagers / military | 170 / 173 |
Focus
⚔️ 50.3% · 🌾 49.7%
Archer ×95 · Skirmisher ×65 · Unknown (1942) ×12 · Mangonel ×9 · Monk ×4
Feudal
10:34
Castle
22:12
Imperial
35:57
| APM avg | 76.3 |
| APM peak | 109 |
| eAPM avg | 28.9 |
| Villagers / military | 148 / 162 |
Focus
⚔️ 45.9% · 🌾 54.1%
Skirmisher ×99 · Samurai ×36 · Trebuchet (Packed) ×8 · Mangonel ×6 · Knight ×5 · Militia ×4
Match map
Initial resources + every placement click. Lines = walls · curves = elevation contours. ◆ gold · ⬟ stone · ● berries · ✦ relic · ◌ wall gap
Your base· ✓ Closed at 22:53 · 50t walls · 1 gate(s)
Macluffy's base· Open — opponent sealed themselves in
Smoothed initial terrain · ◌ = detected wall gap · hover for details
Inputs per minute
— nW | Caguamas - - Macluffy
Build order — nW | Caguamas
First 150 of 474 actions detected
| 0:01 | Create | Villager (Male) |
| 0:01 | Create | Villager (Male) |
| 0:02 | Build | House |
| 0:03 | Build | House |
| 0:17 | Create | Villager (Male) |
| 0:17 | Create | Villager (Male) |
| 0:17 | Create | Villager (Male) |
| 1:26 | Create | Villager (Male) |
| 1:26 | Create | Villager (Male) |
| 1:50 | Create | Villager (Male) |
| 1:51 | Create | Villager (Male) |
| 1:54 | Build | Lumber Camp |
| 2:20 | Create | Villager (Male) |
| 2:20 | Create | Villager (Male) |
| 2:53 | Create | Villager (Male) |
| 2:53 | Create | Villager (Male) |
| 3:15 | Create | Villager (Male) |
| 3:38 | Create | Villager (Male) |
| 3:51 | Build | House |
| 4:07 | Create | Villager (Male) |
| 4:11 | Create | Villager (Male) |
| 4:48 | Create | Villager (Male) |
| 4:48 | Create | Villager (Male) |
| 5:11 | Build | Mining Camp |
| 5:22 | Create | Villager (Male) |
| 5:22 | Create | Villager (Male) |
| 5:59 | Research | Loom |
| 5:59 | Research | Loom |
| 6:38 | Research | Feudal Age |
| 7:03 | Build | Palisade Wall |
| 7:06 | Build | Palisade Wall |
| 7:07 | Build | Palisade Wall |
| 7:08 | Build | Palisade Wall |
| 7:12 | Build | Palisade Wall |
| 7:13 | Build | Palisade Wall |
| 7:15 | Build | Palisade Wall |
| 7:18 | Build | Palisade Wall |
| 7:19 | Build | Palisade Wall |
| 7:50 | Build | House |
| 8:02 | Build | Barracks |
| 8:08 | Build | Barracks |
| 8:14 | Create | Villager (Male) |
| 8:22 | Build | Palisade Wall |
| 8:29 | Build | House |
| 8:51 | Age | Feudal Age |
| 8:57 | Build | Archery Range |
| 9:00 | Create | Villager (Male) |
| 9:11 | Research | Double-Bit Axe |
| 9:37 | Create | Villager (Male) |
| 9:43 | Create | Archer |
| 9:46 | Build | Mill |
| 9:50 | Create | Villager (Male) |
| 9:57 | Build | House |
| 10:06 | Create | Archer |
| 10:22 | Create | Archer |
| 10:23 | Create | Villager (Male) |
| 10:37 | Build | Blacksmith |
| 10:42 | Create | Archer |
| 10:44 | Create | Villager (Male) |
| 10:49 | Build | Palisade Wall |
| 10:59 | Build | House |
| 11:01 | Build | Palisade Wall |
| 11:20 | Create | Archer |
| 11:21 | Create | Villager (Male) |
| 11:24 | Build | House |
| 11:25 | Build | Palisade Wall |
| 11:33 | Create | Villager (Male) |
| 11:44 | Create | Archer |
| 11:56 | Research | Fletching |
| 12:05 | Build | Palisade Wall |
| 12:15 | Create | Archer |
| 12:16 | Create | Villager (Male) |
| 12:29 | Create | Villager (Male) |
| 12:35 | Build | Archery Range |
| 12:53 | Create | Villager (Male) |
| 13:06 | Create | Villager (Male) |
| 13:12 | Build | House |
| 13:13 | Build | House |
| 13:21 | Create | Archer |
| 13:25 | Build | House |
| 13:31 | Build | Farm |
| 13:32 | Build | Farm |
| 13:33 | Build | Farm |
| 13:33 | Build | Farm |
| 13:40 | Create | Archer |
| 13:52 | Create | Villager (Male) |
| 13:54 | Build | Farm |
| 13:59 | Build | Palisade Wall |
| 14:09 | Create | Villager (Male) |
| 14:12 | Build | Palisade Wall |
| 14:15 | Build | Farm |
| 14:26 | Build | Palisade Wall |
| 14:29 | Create | Skirmisher |
| 14:30 | Create | Archer |
| 14:32 | Create | Villager (Male) |
| 14:39 | Build | Farm |
| 15:04 | Create | Villager (Male) |
| 15:04 | Create | Skirmisher |
| 15:04 | Create | Skirmisher |
| 15:25 | Create | Skirmisher |
| 15:25 | Create | Skirmisher |
| 15:26 | Create | Villager (Male) |
| 15:29 | Build | House |
| 15:31 | Build | Palisade Wall |
| 15:38 | Research | Padded Archer Armor |
| 15:39 | Create | Villager (Male) |
| 15:43 | Build | Palisade Wall |
| 15:46 | Build | Farm |
| 15:56 | Create | Skirmisher |
| 16:02 | Create | Villager (Male) |
| 16:41 | Create | Archer |
| 16:41 | Create | Archer |
| 16:42 | Create | Villager (Male) |
| 16:46 | Research | Horse Collar |
| 16:46 | Research | Horse Collar |
| 16:47 | Create | Villager (Male) |
| 16:50 | Build | Farm |
| 16:50 | Build | Farm |
| 17:03 | Create | Archer |
| 17:04 | Create | Archer |
| 17:04 | Create | Villager (Male) |
| 17:11 | Build | House |
| 17:13 | Build | House |
| 17:19 | Create | Archer |
| 17:19 | Create | Archer |
| 17:19 | Create | Villager (Male) |
| 17:33 | Create | Villager (Male) |
| 17:51 | Build | Farm |
| 17:54 | Build | Farm |
| 17:59 | Create | Villager (Male) |
| 18:04 | Build | Blacksmith |
| 18:15 | Build | Farm |
| 18:18 | Build | Palisade Wall |
| 18:26 | Create | Skirmisher |
| 18:26 | Create | Skirmisher |
| 18:38 | Build | House |
| 18:42 | Build | Palisade Wall |
| 19:05 | Create | Skirmisher |
| 19:22 | Build | Palisade Wall |
| 19:26 | Build | House |
| 19:28 | Build | House |
| 19:38 | Build | House |
| 19:47 | Create | Villager (Male) |
| 19:49 | Build | Farm |
| 19:59 | Build | Lumber Camp |
| 20:13 | Research | Castle Age |
| 20:13 | Research | Castle Age |
| 20:40 | Create | Archer |
| 20:41 | Create | Archer |
| 21:13 | Build | Palisade Wall |
Build order — Macluffy
First 150 of 480 actions detected
| 0:01 | Create | Villager (Male) |
| 0:01 | Create | Villager (Male) |
| 0:02 | Build | House |
| 0:03 | Build | House |
| 0:09 | Create | Villager (Male) |
| 0:12 | Create | Villager (Male) |
| 1:34 | Create | Villager (Male) |
| 1:35 | Create | Villager (Male) |
| 1:44 | Build | Lumber Camp |
| 2:00 | Create | Villager (Male) |
| 2:30 | Create | Villager (Male) |
| 2:49 | Create | Villager (Male) |
| 2:52 | Create | Villager (Male) |
| 3:26 | Build | House |
| 3:34 | Create | Villager (Male) |
| 3:36 | Create | Villager (Male) |
| 4:04 | Build | Barracks |
| 4:12 | Create | Villager (Male) |
| 4:12 | Create | Villager (Male) |
| 4:32 | Build | House |
| 4:34 | Create | Villager (Male) |
| 4:44 | Create | Villager (Male) |
| 4:47 | Build | House |
| 5:00 | Create | Militia |
| 5:00 | Create | Militia |
| 5:19 | Build | Palisade Wall |
| 5:27 | Create | Militia |
| 5:46 | Build | Mill |
| 5:46 | Create | Villager (Male) |
| 6:07 | Create | Villager (Male) |
| 6:07 | Create | Villager (Male) |
| 6:11 | Build | House |
| 6:15 | Build | Palisade Wall |
| 6:43 | Research | Loom |
| 6:44 | Create | Villager (Male) |
| 6:46 | Build | House |
| 7:04 | Create | Villager (Male) |
| 7:45 | Build | House |
| 7:46 | Build | Palisade Wall |
| 7:49 | Build | Palisade Wall |
| 8:20 | Create | Villager (Male) |
| 8:24 | Research | Feudal Age |
| 8:57 | Build | Mining Camp |
| 9:05 | Create | Militia |
| 9:11 | Build | Palisade Wall |
| 9:53 | Create | Villager (Male) |
| 10:25 | Create | Villager (Male) |
| 10:34 | Age | Feudal Age |
| 10:37 | Research | Man-at-Arms (upgrade) |
| 10:39 | Build | Archery Range |
| 10:40 | Create | Villager (Male) |
| 10:52 | Research | Double-Bit Axe |
| 10:54 | Create | Villager (Male) |
| 10:59 | Build | House |
| 11:23 | Build | House |
| 11:25 | Create | Skirmisher |
| 11:25 | Create | Skirmisher |
| 11:39 | Create | Skirmisher |
| 11:41 | Create | Villager (Male) |
| 11:46 | Research | Horse Collar |
| 11:56 | Build | Farm |
| 12:09 | Research | Arson |
| 12:11 | Create | Villager (Male) |
| 12:18 | Create | Skirmisher |
| 12:19 | Build | House |
| 12:20 | Create | Villager (Male) |
| 12:34 | Create | Skirmisher |
| 12:44 | Build | Farm |
| 13:05 | Build | Blacksmith |
| 13:21 | Build | Farm |
| 13:27 | Create | Skirmisher |
| 13:28 | Create | Villager (Male) |
| 13:51 | Create | Villager (Male) |
| 13:58 | Research | Fletching |
| 13:58 | Research | Fletching |
| 14:04 | Create | Skirmisher |
| 14:08 | Build | Farm |
| 14:09 | Build | Farm |
| 14:20 | Create | Villager (Male) |
| 14:28 | Build | Lumber Camp |
| 14:29 | Build | Farm |
| 14:30 | Build | Farm |
| 14:37 | Create | Skirmisher |
| 15:03 | Create | Skirmisher |
| 15:12 | Build | Farm |
| 15:12 | Build | Farm |
| 15:24 | Create | Villager (Male) |
| 15:25 | Build | Farm |
| 15:26 | Build | Farm |
| 15:27 | Build | Farm |
| 15:30 | Create | Skirmisher |
| 15:38 | Build | Farm |
| 15:52 | Build | Farm |
| 15:57 | Build | House |
| 15:58 | Build | House |
| 16:01 | Create | Villager (Male) |
| 16:10 | Create | Villager (Male) |
| 16:14 | Build | Farm |
| 16:15 | Build | Farm |
| 16:22 | Build | Farm |
| 16:42 | Research | Padded Archer Armor |
| 16:46 | Create | Skirmisher |
| 16:51 | Create | Skirmisher |
| 17:01 | Create | Villager (Male) |
| 17:03 | Build | House |
| 17:16 | Create | Villager (Male) |
| 17:20 | Build | Market |
| 17:25 | Create | Skirmisher |
| 17:38 | Create | Villager (Male) |
| 17:42 | Create | Villager (Male) |
| 17:50 | Create | Villager (Male) |
| 17:59 | Create | Villager (Male) |
| 18:06 | Create | Skirmisher |
| 18:16 | Create | Villager (Male) |
| 18:21 | Create | Villager (Male) |
| 18:25 | Create | Skirmisher |
| 18:32 | Create | Skirmisher |
| 18:40 | Create | Skirmisher |
| 18:58 | Create | Villager (Male) |
| 19:32 | Research | Castle Age |
| 19:47 | Create | Skirmisher |
| 20:09 | Create | Skirmisher |
| 20:13 | Build | Archery Range |
| 20:24 | Create | Villager (Male) |
| 20:35 | Create | Skirmisher |
| 20:35 | Create | Skirmisher |
| 20:54 | Create | Skirmisher |
| 20:55 | Create | Villager (Male) |
| 20:58 | Research | Gold Mining |
| 21:05 | Create | Skirmisher |
| 21:33 | Build | Stable |
| 21:53 | Build | House |
| 22:03 | Create | Archer |
| 22:12 | Age | Castle Age |
| 22:12 | Create | Skirmisher |
| 22:16 | Research | Elite Skirmisher (upgrade) |
| 22:18 | Research | Bodkin Arrow |
| 22:18 | Research | Scale Mail Armor |
| 22:19 | Create | Knight |
| 22:19 | Create | Knight |
| 22:39 | Research | Leather Archer Armor |
| 22:51 | Create | Villager (Male) |
| 22:58 | Create | Skirmisher |
| 22:59 | Create | Skirmisher |
| 23:09 | Create | Villager (Male) |
| 23:10 | Create | Skirmisher |
| 23:17 | Create | Skirmisher |
| 23:28 | Create | Knight |
| 23:28 | Create | Knight |
| 23:38 | Create | Villager (Male) |
Match timeline
| 4:04 | Macluffy · first_building Barracks |
| 5:19 | Macluffy · wall_segment Palisade Wall x3 |
| 6:15 | Macluffy · wall_segment Palisade Wall x7 |
| 7:03 | nW | Caguamas · wall_segment Palisade Wall x1 |
| 7:06 | nW | Caguamas · wall_segment Palisade Wall x1 |
| 7:07 | nW | Caguamas · wall_segment Palisade Wall x1 |
| 7:08 | nW | Caguamas · wall_segment Palisade Wall x1 |
| 7:12 | nW | Caguamas · wall_segment Palisade Wall x1 |
| 7:13 | nW | Caguamas · wall_segment Palisade Wall x1 |
| 7:15 | nW | Caguamas · wall_segment Palisade Wall x1 |
| 7:18 | nW | Caguamas · wall_segment Palisade Wall x1 |
| 7:19 | nW | Caguamas · wall_segment Palisade Wall x1 |
| 7:46 | Macluffy · wall_segment Palisade Wall x5 |
| 7:49 | Macluffy · wall_segment Palisade Wall x15 |
| 8:02 | nW | Caguamas · first_building Barracks |
| 8:22 | nW | Caguamas · wall_segment Palisade Wall x1 |
| 8:51 | nW | Caguamas · age_up feudal |
| 8:57 | nW | Caguamas · first_building Archery Range |
| 9:11 | Macluffy · wall_segment Palisade Wall x5 |
| 10:34 | Macluffy · age_up feudal |
| 10:39 | Macluffy · first_building Archery Range |
| 10:49 | nW | Caguamas · wall_segment Palisade Wall x1 |
| 11:01 | nW | Caguamas · wall_segment Palisade Wall x1 |
| 11:25 | nW | Caguamas · wall_segment Palisade Wall x1 |
| 12:05 | nW | Caguamas · wall_segment Palisade Wall x1 |
| 13:59 | nW | Caguamas · wall_segment Palisade Wall x1 |
| 14:12 | nW | Caguamas · wall_segment Palisade Wall x1 |
| 14:26 | nW | Caguamas · wall_segment Palisade Wall x10 |
| 15:31 | nW | Caguamas · wall_segment Palisade Wall x7 |
| 15:43 | nW | Caguamas · wall_segment Palisade Wall x15 |
| 18:18 | nW | Caguamas · wall_segment Palisade Wall x1 |
| 18:42 | nW | Caguamas · wall_segment Palisade Wall x1 |
| 18:45 | Macluffy · first_market_buy 100 food |
| 18:46 | Macluffy · first_market_sell 100 stone |
| 19:22 | nW | Caguamas · wall_segment Palisade Wall x1 |
| 21:13 | nW | Caguamas · wall_segment Palisade Wall x1 |
| 21:33 | Macluffy · first_building Stable |
| 22:12 | Macluffy · age_up castle |
| 22:53 | nW | Caguamas · age_up castle |
| 23:01 | nW | Caguamas · first_building Siege Workshop |
| 25:05 | Macluffy · first_building Monastery |
| 26:13 | Macluffy · first_building Siege Workshop |
| 26:38 | nW | Caguamas · wall_segment Palisade Wall x1 |
| 26:40 | nW | Caguamas · wall_segment Palisade Wall x1 |
| 27:05 | nW | Caguamas · first_building Monastery |
| 34:23 | nW | Caguamas · first_market_buy 100 food |
| 34:51 | Macluffy · first_building Castle |
| 35:38 | nW | Caguamas · first_building Castle |
| 35:57 | Macluffy · age_up imperial |
| 37:37 | nW | Caguamas · age_up imperial |
| 37:50 | nW | Caguamas · first_market_sell 100 food |
| 45:46 | nW | Caguamas · resign |
[ AI ANALYSIS · 1 CREDIT ]
What really happened in this match?
Wolo.gg analyzes every decision: build order, eco, micro, common mistakes by bracket. Personalized analysis on WhatsApp or Discord in 30 seconds.
Civ guide
Shu
Perfil
Jugador #914665